 Dungeon Crawl Stone Soup version 0.30-a0-305-g026cb31310 (webtiles) character file.

Game seed: 11465785387325784095

7556 billz999 the Transmogrifier (level 10, -9/76 HPs)
             Began as a Vampire Earth Elementalist on Oct 23, 2022.
             Was an Elder of Kikubaaqudgha.
             Killed by divine providence
             ... invoked by an orc priest
              (11 damage)
             ... on level 9 of the Dungeon.
             The game lasted 00:22:11 (8758 turns).

billz999 the Transmogrifier (VpEE)                  Turns: 8758, Time: 00:22:12

Health: -9/76      AC:  5    Str: 11    XL:     10   Next: 96%
Magic:  15/15      EV: 12    Int: 21    God:    Kikubaaqudgha [****..]
Gold:   416        SH:  7    Dex: 22    Spells: 14/19 levels left

rFire   + . .      SeeInvis +    b - +10 whip "Zotiuh" {vorpal, rC- Str+4 Dex+6 SInv}
rCold   . . .      Faith    .    l - +1 buckler {AC+3}
rNeg    . . .      Spirit   .    n - +0 robe
rPois   +          Reflect  .    (no helmet)
rElec   +          Harm     .    (no cloak)
rCorr   +          Rampage  .    (no gloves)
Will    +....                    (no boots)
Stlth   ++++......               e - amulet of magic regeneration
HPRegen 0.52/turn                (no ring)
MPRegen 0.54/turn                (no ring)

@: resistant, healing quickly
A: alive, fangs 3, see invisible, vampiric 2, low MP 1
a: Exsanguinate, Renounce Religion, Unearth Wretches


You were on level 9 of the Dungeon.
You worshipped Kikubaaqudgha.
Kikubaaqudgha was greatly pleased with you.
You visited 1 branch of the dungeon, and saw 9 of its levels.
You also visited: Ossuary.

You collected 556 gold pieces.
You spent 140 gold pieces at shops.

Inventory:

Hand Weapons
 a - a +2 vampiric dagger
 b - the +10 whip "Zotiuh" (weapon) {vorpal, rC- Str+4 Dex+6 SInv}
   (You found it on level 2 of the Dungeon)

   It inflicts extra damage upon your enemies.
   Str:       It affects your strength (+4).
   Dex:       It affects your dexterity (+6).
   rC:        It makes you vulnerable to cold.
   SInv:      It lets you see invisible.
 i - a +0 short sword of protection
 I - a +0 scimitar of electrocution
Missiles
 h - 40 poisoned darts
 t - 6 datura-tipped darts
Armour
 g - a +0 tower shield
 l - a +1 buckler of protection (worn)
 n - a +0 robe (worn)
Jewellery
 e - an amulet of magic regeneration (around neck)
Wands
 c - a wand of roots (11)
 w - a wand of acid (5)
 B - a wand of flame (9)
 E - a wand of paralysis (8)
Scrolls
 f - 6 scrolls of poison
 j - 3 scrolls of teleportation
 p - 3 scrolls of identify
 q - 3 scrolls of enchant weapon
 u - a scroll of immolation
 v - 2 scrolls of brand weapon
 y - a scroll of enchant armour {unknown}
 A - a scroll of noise {unknown}
 F - a scroll of acquirement {unknown}
 G - a scroll of magic mapping {unknown}
 H - a scroll of blinking {unknown}
 J - a scroll of vulnerability {unknown}
Potions
 d - a potion of resistance
 k - a potion of magic
 m - 2 potions of degeneration
 o - 3 potions of cancellation
 r - a potion of lignification
 s - a potion of haste
 x - a potion of might {unknown}
 z - 2 potions of invisibility {unknown}
 C - a potion of brilliance {unknown}
 D - 2 potions of mutation


   Skills:
 - Level 5.7 Fighting
 - Level 7.7 Maces & Flails
 - Level 2.2 Dodging
 - Level 7.6 Stealth
 - Level 4.0 Shields
 - Level 5.0 Spellcasting
 * Level 8.9 Transmutations
 - Level 6.0 Earth Magic


You had 14 spell levels left.
You knew the following spells:

 Your Spells              Type           Power      Damage    Failure   Level
a - Sandblast             Erth           60%        2d14      1%          1
b - Petrify               Tmut/Erth      36%        N/A       6%          4

Your spell library contained the following spells:

 Spells                   Type           Power      Damage    Failure   Level
 Passwall                 Tmut/Erth      30%        N/A       1%          2
 Blade Hands              Tmut           21%        N/A       10%         5
 Stone Arrow              Conj/Erth      34%        3d9       12%         3
 Apportation              Tloc           10%        N/A       14%         1
 Necrotise                Necr           20%        1d5       14%         1
 Cigotuvi's Dreadful Rot  Necr/Pois/Air  10%        N/A       21%         2
 Poisonous Vapours        Pois/Air       10%        N/A       21%         2
 Mephitic Cloud           Conj/Pois/Air  5%         N/A       38%         3
 Portal Projectile        Hex/Tloc       10%        N/A       38%         3
 Tukima's Dance           Hex            5%         N/A       38%         3
 Vampiric Draining        Necr           5%         2d6       38%         3
 Alistair's Intoxication  Tmut/Pois      16%        N/A       52%         5
 Borgnjor's Vile Clutch   Necr/Erth      8%         N/A       73%         5
 Anguish                  Hex/Necr       2%         N/A       80%         4
 Animate Dead             Necr           5%         N/A       80%         4
 Dispel Undead            Necr           5%         3d7       80%         4
 Agony                    Necr           5%         N/A       98%         5
 Iskenderun's Battlesphe  Conj           5%         2d6       98%         5
 Iron Shot                Conj/Erth      8%         9d3       99%         6
 Death Channel            Necr           2%         N/A       100%        6
 Spellforged Servitor     Conj/Summ      2%         N/A       100%        7


Dungeon Overview and Level Annotations

Branches:
Dungeon (9/15)             Temple (0/1) D:6         Ossuary (visited)
   Lair: D:8-11         Orc: D:9-12

Altars:
Dithmenos
Kikubaaqudgha
Makhleb
Okawaru
Qazlal
Ru
Wu Jian

Shops:
D:3 *   D:5 *   D:8 :

Annotations:
D:9 Erolcha


Innate Abilities, Weirdness & Mutations

Your natural rate of healing is accelerated.
You have razor-sharp teeth.
You have supernaturally acute eyesight. (SInv)
You are afflicted with vampirism and can become a bat while bloodless.
Your magical capacity is low. (-10% MP)


Message History

The orc barely misses you.
The orc priest mumbles some strange prayers to Beogh against you.
Beogh smites you!
* * * LOW HITPOINT WARNING * * *
Casting: Petrify (dangerous; 6% risk of failure)
Confirm with . or Enter, or press ? or * to list all spells.
Aiming: Sandblast (safe; 1% risk of failure)
Press: ? - help, Shift-Dir - straight line, f/p - orc warrior
Aim: an orc warrior, wielding a +0 dire flail and wearing a +0 plate armour (petrified, 100% to hit)
The blast of sand hits the orc priest but does no damage.
The orc priest is almost dead.
You block the orc's attack.
The orc priest calls down the wrath of Beogh upon you.
Pain shoots through your body!
* * * LOW HITPOINT WARNING * * *
The orc hits you with a +0 flail!
* * * LOW HITPOINT WARNING * * *
The orc priest hits you but does no damage.
Okay, then.
Casting: Sandblast (safe; 1% risk of failure)
Confirm with . or Enter, or press ? or * to list all spells.
Aiming: Sandblast (safe; 1% risk of failure)
Press: ? - help, Shift-Dir - straight line, f/p - orc warrior
Aim: an orc warrior, wielding a +0 dire flail and wearing a +0 plate armour (petrified, 100% to hit)
The blast of sand hits the orc priest but does no damage.
The orc priest is almost dead.
The orc hits you but does no damage. The orc priest hits you with a +0 whip.
* * * LOW HITPOINT WARNING * * *
It was a potion of mutation.
You feel extremely strange.
You feel less energetic. The orc hits you with a +0 flail.
* * * LOW HITPOINT WARNING * * *
The orc priest casts a cantrip, but nothing happens.
Okay, then.
You feel protected. The orc misses you.
The orc priest calls down the wrath of Beogh upon you.
Beogh smites you!
You die...
Kikubaaqudgha rasps: "You have failed me!
Welcome... death!"

###### ##o. # ###..# #
#....# ######## .
.###.##.# #......#
........oo####...^..#
..>.....oo.o.)......##
...###.#######)......#
#. #ooo....# #
#..@....# #######.## #
#..# # ##.#### #
#....# # ####.# #.#
#.# #.###


You could see an orc warrior (petrified), an orc priest and an orc.

Vanquished Creatures
  A two-headed ogre (D:8)
  A slime creature (D:7)
  A kobold demonologist (D:8)
  Maggie (D:9)
  A hornet (D:7)
  Grinder (D:5)
  Sigmund (D:3)
  2 humans (D:8)
  A yak (D:8)
  Duvessa (D:6)
  3 water moccasins
  An orc warrior (D:6)
  4 sky beasts
  2 ice beasts (D:6)
  2 black bears
  An ogre (D:7)
  4 centaurs
  4 phantoms
  2 elf zombies (Ossuary)
  3 kobold brigands
  2 bullfrogs
  3 necrophages
  4 scorpions (D:5)
  14 wights
  Dowan (D:6)
  A howler monkey (D:6)
  6 hounds
  3 human zombies (Ossuary)
  A centaur zombie (Ossuary)
  8 jellies
  An orc priest (D:5)
  3 gnoll boudas
  5 iguanas
  14 orc wizards
  A hound zombie (Ossuary)
  3 mummies (Ossuary)
  12 gnolls
  7 adders
  A shadow imp (D:6)
  2 white imps (D:6)
  2 ufetubi
  5 adder zombies (Ossuary)
  2 worms
  27 orcs
  7 endoplasms
  6 giant cockroaches
  3 goblins
  2 hobgoblins (D:1)
  2 jackals (D:5)
  3 quokkas
  7 ball pythons
  5 bats
  A frilled lizard (D:1)
  A gnoll zombie (Ossuary)
  7 goblin zombies (Ossuary)
  3 hobgoblin zombies (Ossuary)
  5 jackal zombies (Ossuary)
  22 kobolds
  3 kobold zombies (Ossuary)
  An orc zombie (Ossuary)
  5 rats
  A rat zombie (Ossuary)
249 creatures vanquished.

Vanquished Creatures (others)
  3 fungi (D:7)
  11 toadstools (D:7)
14 creatures vanquished.

Grand Total: 263 creatures vanquished

Notes
Turn   | Place    | Note
-------+----------+-------------------------------------------
     0 | D:1      | billz999 the Vampire Earth Elementalist began the quest for
                  | the Orb.
     0 | D:1      | Reached XP level 1. HP: 13/13 MP: 3/3
   435 | D:1      | Reached skill level 2 in Transmutations
   453 | D:1      | Reached XP level 2. HP: 19/19 MP: 1/5
  1019 | D:2      | Reached skill level 3 in Transmutations
  1071 | D:2      | Gained mutation: You are afflicted with vampirism and can
                  | become a bat while bloodless. [Vampire growth]
  1071 | D:2      | Reached XP level 3. HP: 24/24 MP: 4/6
  1073 | D:2      | Identified the +10 whip "Zotiuh" {vorpal, rC- Str+4 Dex+6
                  | SInv}
  1499 | D:3      | Found Tofujyani's Assorted Antiques.
  1589 | D:3      | Noticed Sigmund
  1595 | D:3      | Killed Sigmund
  1596 | D:3      | Reached skill level 1 in Fighting
  1596 | D:3      | Reached skill level 1 in Shields
  1596 | D:3      | Reached skill level 4 in Transmutations
  1596 | D:3      | Reached XP level 4. HP: 19/32 MP: 7/7
  1596 | D:3      | Reached XP level 5. HP: 22/37 MP: 8/8
  1707 | D:3      | Found an ancient bone altar of Kikubaaqudgha.
  1918 | D:3      | Found a faded altar of an unknown god.
  1923 | D:3      | Found a burning altar of Makhleb.
  2141 | D:3      | Became a worshipper of Kikubaaqudgha
  2239 | D:4      | Found an ornate altar of the Wu Jian Council.
  2299 | D:4      | Reached XP level 6. HP: 34/44 MP: 9/9
  2758 | D:4      | Found a sand-covered staircase.
  2767 | Ossuary  | Entered an ossuary
  2816 | Ossuary  | Reached * piety under Kikubaaqudgha
  2816 | Ossuary  | Received a gift from Kikubaaqudgha
  2817 | Ossuary  | Reached XP level 7. HP: 29/51 MP: 10/10
  3119 | Ossuary  | Reached skill level 5 in Transmutations
  3663 | D:5      | Entered Level 5 of the Dungeon
  3672 | D:5      | Found Wunuc's General Store.
  3708 | D:5      | Bought 2 potions of heal wounds for 140 gold pieces
  3726 | D:5      | Found a sacrificial altar of Ru.
  3755 | D:5      | Reached ** piety under Kikubaaqudgha
  3876 | D:5      | Found a stormy altar of Qazlal.
  3939 | D:5      | Found a shadowy altar of Dithmenos.
  3997 | D:5      | Reached XP level 8. HP: 49/58 MP: 11/11
  4023 | D:5      | Noticed Grinder
  4058 | D:5      | Paralysed by Grinder for 2 turns
  4061 | D:5      | Killed Grinder
  4128 | D:5      | Identified the +8 dagger "Rilue" {vorpal, rF+ Dex+4}
  4155 | D:5      | Reached skill level 5 in Maces & Flails
  4167 | D:5      | Reached skill level 6 in Transmutations
  4561 | D:6      | You fall into a shaft and drop 1 floor!
  4840 | D:7      | Noticed Duvessa
  4842 | D:7      | Reached XP level 9. HP: 64/66 MP: 10/12
  4844 | D:7      | Noticed Dowan
  5196 | D:6      | Learned a level 4 spell: Petrify
  5214 | D:6      | Reached *** piety under Kikubaaqudgha
  5214 | D:6      | Received a gift from Kikubaaqudgha
  5215 | D:6      | Reached skill level 7 in Transmutations
  5249 | D:6      | Found a staircase to the Ecumenical Temple.
  5268 | D:6      | Reached skill level 5 in Fighting
  6250 | D:6      | Killed Dowan
  6260 | D:6      | Killed Duvessa
  6462 | D:7      | Reached XP level 10. HP: 73/76 MP: 12/14
  6504 | D:7      | Paralysed by a hornet for 3 turns
  6513 | D:7      | Paralysed by a hornet for 1 turns
  6515 | D:7      | HP: 5/114 [poisoned by a hornet]
  6520 | D:7      | HP: 3/114 [poisoned by a hornet]
  6809 | D:7      | Reached **** piety under Kikubaaqudgha
  6810 | D:7      | Reached skill level 8 in Transmutations
  7562 | D:8      | Noticed a two-headed ogre
  7580 | D:8      | Killed a two-headed ogre
  7643 | D:8      | Reached skill level 5 in Stealth
  7705 | D:8      | Found Norot's Tremendous Tomes.
  7869 | D:8      | Reached skill level 5 in Spellcasting
  8127 | D:8      | Found an iron altar of Okawaru.
  8160 | D:8      | Reached skill level 5 in Earth Magic
  8213 | D:8      | Noticed a soul eater
  8238 | D:9      | Noticed Erolcha
  8616 | D:9      | Noticed Maggie
  8630 | D:9      | Killed Maggie
  8755 | D:9      | HP: 2/76 [orc/+0 flail (9)]
  8757 | D:9      | Gained mutation: Your magical capacity is low. (-10% MP)
                  | [potion of mutation]
  8758 | D:9      | Killed from afar by an orc priest

Illustrated notes

Levels and vault maps discovered:
D:1:      elethiomel_arrival_maze, layout_basic
D:2:      layout_basic
D:3:      layout_basic, nicolae_overflow_ecumenical_swirl, lemuel_tele_altar,
          serial_shops, nicolae_shop_temple_entry_statues_fountains,
          uniq_sigmund
D:4:      layout_basic, mainiacjoe_overflow_large_starburst,
          chequers_ossuary_entry_cave
D:5:      minmay_diamond_boxcup, layout_loops_ring,
          mainiacjoe_overflow_big_doors, nicolae_overflow_squiral, serial_shops,
          nicolae_square_shop, uniq_grinder
D:6:      layout_cave_pods, minmay_temple_entry_mini_moons, eino_tiny_chamber,
          nrook_campfire, minmay_misc_feat_rows
D:7:      cheibrodos_fertilizer, layout_cave_pools, dreamdust_princess_corridor,
          nicolae_figureground_sparkle, uniq_duvessa
D:8:      layout_rooms, okawaru_humans, nicolae_shop_i_like_big_books
D:9:      layout_basic, uniq_erolcha, uniq_maggie

Skill      XL: |  1  2  3  4  5  6  7  8  9 10 |
---------------+-------------------------------+-----
Transmutations | 2 3 4 5 6 7 8 |  8.9
Fighting       | 1 2 3 4 5 |  5.7
Maces & Flails | 2 3 4 6 7 |  7.7
Shields        | 1 2 3 4 |  4.0
Spellcasting   | 5 |  5.0
Stealth        | 7 |  7.6
Earth Magic    | 6 |  6.0
Dodging        | |  2.2

Action                   |  1- 3 |  4- 6 |  7- 9 | 10-12 || total
-------------------------+-------+-------+-------+-------++-------
Melee: Unarmed           |     6 |       |       |       ||     6
       Whip              |     2 |    70 |   317 |   135 ||   524
       Bite              |       |     7 |    44 |    39 ||    90
       Dagger            |       |       |       |    48 ||    48
       Short sword       |       |       |       |    15 ||    15
 Cast: Sandblast         |    47 |    25 |    77 |    41 ||   190
       Petrify           |       |       |     6 |    32 ||    38
Evoke: Wand              |       |       |     6 |     4 ||    10
  Use: Scroll            |       |     9 |     2 |     1 ||    12
       Potion            |       |     2 |     3 |     7 ||    12
 Stab: Sleeping          |       |     1 |     8 |     3 ||    12
       Petrified         |       |       |    23 |    73 ||    96
       Petrifying        |       |       |       |     6 ||     6
Armor: Robe              |     6 |    25 |    58 |    37 ||   126
Dodge: Dodged            |    18 |    74 |   163 |    69 ||   324
Block: Buckler           |       |    22 |    74 |    45 ||   141

Table legend: (Time is in decaauts)
 A = Elapsed time spent in this place.
 B = Non-inter-level travel time spent in this place.
 C = Inter-level travel time spent in this place.
 D = Time resting spent in this place.
 E = Time spent auto-exploring this place.
 F = Levels seen in this place.
 G = Mean time per level.
                   A        B        C        D        E       F      G
               +--------+--------+--------+--------+--------+-----+--------+
         Total |   8767 |   8139 |    628 |    446 |   5964 |  10 |  876.7 |
       Dungeon |   8381 |   7753 |    628 |    446 |   5734 |   9 |  931.2 |
       Ossuary |    385 |    385 |      0 |      0 |    230 |   1 |  385.0 |
               +--------+--------+--------+--------+--------+-----+--------+

Top non-repeatable levels by time:
     D:6: 1499 daAuts
     D:7: 1266 daAuts
     D:4: 1138 daAuts
     D:1: 966 daAuts
     D:5: 912 daAuts
     D:3: 749 daAuts
     D:8: 695 daAuts
     D:2: 651 daAuts
     D:9: 501 daAuts
 Ossuary: 385 daAuts
